 Dungeon Crawl Stone Soup version 0.23-b1-84-g6588a6b (webtiles) character file.

Game seed: 18386991486959576256

30 DarkinPup the Ducker (level 3, 0/28 HPs)
             Began as a Demonspawn Gladiator on Feb 9, 2019.
             Killed by divine providence
             ... invoked by an orc priest
              (13 damage)
             ... on level 3 of the Dungeon.
             The game lasted 00:01:01 (1727 turns).

DarkinPup the Ducker (Demonspawn Gladiator)         Turns: 1727, Time: 00:01:01

Health: 0/28       AC:  4    Str: 14    XL:     3   Next: 5%
Magic:  3/3        EV: 13    Int:  9    God:
Gold:   71         SH:  0    Dex: 15    Spells: 2/2 levels left

rFire    . . .     SeeInvis .   a - +0 long sword
rCold    + . .     Gourm    .   (no shield)
rNeg     . . .     Faith    .   b - +0 leather armour
rPois    .         Spirit   .   c - +0 helmet
rElec    .         Reflect  .   (no cloak)
rCorr    .         Harm     .   (no gloves)
MR       .....                  (no boots)
Stlth    +.........             (no amulet)
HPRegen  0.09/turn              k - ring of protection from cold
MPRegen  0.08/turn              (no ring)

@: no status effects
A: hooves 1
a: no special abilities


You were on level 3 of the Dungeon.
You were very hungry.

You visited 1 branch of the dungeon, and saw 3 of its levels.

You collected 71 gold pieces.

Inventory:

Hand Weapons
 a - a +0 long sword (weapon)
Missiles
 d - 3 throwing nets (quivered)
Armour
 b - a +0 leather armour (worn)
 c - a +0 helmet (worn)
Jewellery
 k - a ring of protection from cold (left hand)
Scrolls
 e - a scroll of remove curse {unknown}
 i - a scroll of identify {unknown}
 j - 2 scrolls of fear {unknown}
Potions
 g - 2 potions of flight {unknown}
 h - a potion of magic {unknown}
Comestibles
 f - 3 rations


   Skills:
 + Level 2.6 Fighting
 + Level 3.1 Long Blades
 - Level 1.7 Throwing
 + Level 3.1 Dodging


You had 2 spell levels left.
You didn't know any spells.
Your spell library was empty.

Dungeon Overview and Level Annotations

Branches:
Dungeon (3/15)

Altars:
Kikubaaqudgha
Wu Jian


Innate Abilities, Weirdness & Mutations

You have large cloven feet.


Message History

The hobgoblin barely misses you. The orc closely misses you.
You hit the hobgoblin. You kick the hobgoblin.
The hobgoblin is almost dead.
The hobgoblin completely misses you. The orc hits you with a +0 dagger.
The hobgoblin hits you but does no damage.
You hit the orc. Your kick misses the orc.
The orc is moderately wounded.
The orc hits you with a +0 dagger. The hobgoblin hits you.
You hit the hobgoblin.
You kill the hobgoblin!
The orc hits you but does no damage.
The orc priest calls upon Beogh to heal the orc.
The orc's wounds heal themselves!
The orc hits you but does no damage.
You barely miss the orc. You kick the orc, but do no damage.
The orc hits you but does no damage.
You barely miss the orc. The orc hits you with a +0 dagger.
You barely miss the orc. You kick the orc, but do no damage.
The orc priest calls down the wrath of Beogh upon you.
Beogh smites you!
You die...

... ?.. .>. .. ...
#.##.# #.. .....#
#.# #.#..# ...
#†#..# #.# #@#.o#
#.# #o#..######
#.# #oo........
####.#####..######
#.................
#......####?######
#......# ...
#......# ####
#......#


You could see an orc priest and 2 orcs.

Vanquished Creatures
  A leopard gecko (D:1)
  An orc (D:3)
  3 giant cockroaches (D:1)
  3 goblins (D:1)
  4 hobgoblins
  4 kobolds (D:1)
  4 bats (D:1)
  4 frilled lizards
  4 rats
28 creatures vanquished.

Notes
Turn   | Place    | Note
-------+----------+-------------------------------------------
     0 | D:1      | DarkinPup the Demonspawn Gladiator began the quest for the
                  | Orb.
     0 | D:1      | Reached XP level 1. HP: 16/16 MP: 1/1
    76 | D:1      | Gained mutation: You have large cloven feet. [demonic
                  | ancestry]
    76 | D:1      | Reached XP level 2. HP: 9/22 MP: 2/2
  1106 | D:2      | Found an ornate altar of the Wu Jian Council.
  1528 | D:2      | Found an ancient bone altar of Kikubaaqudgha.
  1719 | D:3      | Reached XP level 3. HP: 22/28 MP: 3/3
  1727 | D:3      | Killed from afar by an orc priest

Skill      XL: |  1  2 |
---------------+-------+-----
Dodging        | 3 |  3.1
Long Blades    | 3 |  3.1
Fighting       | |  2.6
Throwing       | |  1.7

Action                   || total
-------------------------++-------
Melee: Long sword        ||    59
       Kick              ||    13
  Eat: Chunk             ||     1
Armor: Leather armour    ||    18
Dodge: Dodged            ||    46
       Rpst.: Long sword ||    17
